 Dungeon Crawl Stone Soup version 0.26-a0-639-g72c4674329 (webtiles) character file.

Game seed: 18264702625332467682

25 Flugslaktarn the Shield-Bearer (level 2, 0/28 HPs)
             Began as a Deep Dwarf Fighter on Sept 23, 2020.
             Slain by an orc
             ... wielding a +0 whip of electrocution
              (16 damage)
             ... on level 4 of the Dungeon.
             The game lasted 00:00:21 (424 turns).

Flugslaktarn the Shield-Bearer (Deep Dwarf Fighter)  Turns: 424, Time: 00:00:21

Health: 0/28       AC:  8    Str: 19    XL:     2   Next: 86%
Magic:  2/2        EV:  7    Int:  8    God:
Gold:   47         SH:  9    Dex: 12    Spells: 1/1 levels left

rFire    . . .     SeeInvis .   a - +0 war axe
rCold    . . .     Faith    .   c - +0 kite shield
rNeg     . . .     Spirit   .   b - +0 scale mail
rPois    .         Reflect  .   (no helmet)
rElec    .         Harm     .   f - +0 cloak
rCorr    .         Rampage  .   (no gloves)
MR       .....                  (no boots)
Stlth    ..........             (no amulet)
HPRegen  0.00/turn              (no ring)
MPRegen  0.08/turn              (no ring)

@: non-regenerating
A: damage resistance, heal wounds, sense surroundings 1, no regeneration
a: Heal Wounds


You were on level 4 of the Dungeon.
You visited 1 branch of the dungeon, and saw 4 of its levels.

You collected 47 gold pieces.

Inventory:

Hand Weapons
 a - a +0 war axe (weapon)
Armour
 b - a +0 scale mail (worn)
 c - a +0 kite shield (worn)
 f - a +0 cloak (worn)
   (You found it on level 1 of the Dungeon)
Scrolls
 g - a scroll of fog {unknown}
 h - 2 scrolls of remove curse {unknown}
 l - a scroll of identify {unknown}
Potions
 d - a potion of might
 e - a potion of heal wounds {unknown}
 i - a potion of berserk rage {unknown}
 j - a potion of flight {unknown}
 k - a potion of lignification {unknown}
 m - 2 potions of curing {unknown}


   Skills:
 * Level 3.1 Fighting
 * Level 2.8 Axes
 + Level 3.5 Armour
 + Level 3.5 Shields


You had one spell level left.
You didn't know any spells.
Your spell library was empty.

Dungeon Overview and Level Annotations

Branches:
Dungeon (4/15)
 Temple: D:4-7

Altars:


Innate Abilities, Weirdness & Mutations

You are resistant to damage.
You can heal yourself by infusing magical energy.
You passively map a small area around you.
You do not regenerate.


Message History

Your shield and scale mail prevent you from hitting the orc.
You hit the orc.
Your shield prevents you from hitting the orc.
The orc hits you but does no damage. You block the orc's attack.
The orc hits you with a +0 whip of electrocution.
You slash the orc!
You kill the orc!
You barely miss the orc priest. You closely miss the orc.
You barely miss the orc.
The orc priest hits you but does no damage.
The orc hits you with a +0 flail. The orc barely misses you.
The orc priest looks encouraged for a moment.
You hit the orc priest.
The orc priest is moderately wounded.
You closely miss the orc. x2; You block the orc's attack.
The orc hits you but does no damage. The orc priest barely misses you.
The orc hits you with a +0 whip of electrocution.
You are electrocuted!
Ouch! That really hurt!
You die...

#.........#,
* *
#.........#
#.....!o..#*
* * **#o#
#.# * * #.#
* * * ##'##
** ##o..##
##@)...## ,
* * **
##.oo..<.##
,
#.........#
* , ,
+.........+
*
*#......†..#
,
##.......##
* ##.....##
##...##
##+##


You could see an orc priest and 2 orcs.

Vanquished Creatures
  2 dart slugs (D:1)
  2 orcs (D:4)
  A goblin (D:1)
  2 hobgoblins (D:1)
  A quokka (D:4)
  2 bats (D:1)
  2 frilled lizards (D:1)
  4 kobolds (D:1)
  4 rats
20 creatures vanquished.

Notes
Turn   | Place    | Note
-------+----------+-------------------------------------------
     0 | D:1      | Flugslaktarn the Deep Dwarf Fighter began the quest for the
                  | Orb.
     0 | D:1      | Reached XP level 1. HP: 20/20 MP: 1/1
   164 | D:1      | Reached XP level 2. HP: 27/27 MP: 2/2
   424 | D:4      | Slain by an orc

Illustrated notes

Levels and vault maps discovered:
D:1:      nicolae_arrival_somewhat_less_tricky_arrival, layout_loops_ring
D:2:      layout_rooms, marbit_many_paths, serial_bayou_pond_a
D:3:      layout_basic
D:4:      layout_loops_corners, hangedman_minor_gate_pass, uniq_menkaure,
          uniq_ijyb, uniq_edmund, uniq_crazy_yiuf_cottage

Skill      XL: |  1  2 |
---------------+-------+-----
Fighting       | 3 |  3.1
Axes           | |  2.8
Armour         | |  3.5
Shields        | |  3.5

Action                   || total
-------------------------++-------
Melee: War axe           ||    45
 Abil: Heal Wounds       ||     1
Armor: Scale mail        ||    22
Dodge: Dodged            ||    24
Block: Kite shield       ||    31

Table legend: (Time is in decaauts)
 A = Elapsed time spent in this place.
 B = Non-inter-level travel time spent in this place.
 C = Inter-level travel time spent in this place.
 D = Time resting spent in this place.
 E = Time spent auto-exploring this place.
 F = Levels seen in this place.
 G = Mean time per level.
                   A        B        C        D        E       F      G
               +--------+--------+--------+--------+--------+-----+--------+
         Total |    442 |    371 |     71 |      0 |    237 |   4 |  110.5 |
       Dungeon |    442 |    371 |     71 |      0 |    237 |   4 |  110.5 |
               +--------+--------+--------+--------+--------+-----+--------+

Top non-repeatable levels by time:
     D:1: 349 daAuts
     D:4: 34 daAuts
     D:3: 33 daAuts
     D:2: 25 daAuts
